Map: Echo LE

Players

Nerchio - Winner!

  • Race: Zerg Zerg
  • Spawn Location: 5:00

Semper

  • Race: Terran Terran
  • Spawn Location: 11:00

Event: LycanGTV LotV Beta Tournament 1

VOD

Have the link to the VOD?

Description

Time

  • Played on: April 2, 2015, 12:50 p.m.
  • Length: 8:43

All games in this series

Show
View Real Time Build Order
Export as new Build Order

Nerchio Zerg - Winner!

Build Orders: Hatch First 

Get SALT Encoding   

  12  0:01  Drone  
  13  0:12  Overlord  
  13  0:16  Drone  
  14  0:31  Drone x2  
  14  0:34  Drone  
  17  0:45  Drone  
  18  0:54  Hatchery  
  18  0:56  Drone  
  18  1:00  Extractor  
  17  1:11  Spawning Pool  
  17  1:15  Drone  
  17  1:18  Drone  
  18  1:28  Drone  
  19  1:40  Overlord  
  19  1:58  Queen  
  19  1:59  Zergling x2  
  19  2:00  Metabolic Boost  
  22  2:06  Queen  
  22  2:07  Zergling x2  
  25  2:11  Drone  
  25  2:12  Drone  
  27  2:17  Drone  
  27  2:22  Drone  
  29  2:28  Drone  
  30  2:32  Drone  
  31  2:39  Drone  
  32  2:48  Hatchery, Drone  
  32  2:53  Drone  
  32  2:54  Drone  
  34  3:00  Overlord  
  34  3:05  Drone x2  
  36  3:17  Queen  
  36  3:18  Drone x4  
  42  3:23  Overlord  
  42  3:29  Drone  
  42  3:32  Drone  
  44  3:37  Extractor  
  44  3:39  Overlord  
  44  3:40  Drone  
  46  3:41  Drone x2  
  46  3:43  Drone  
  46  3:44  Lair  
  46  3:46  Drone x3  
  50  3:48  Drone  
  50  3:50  Drone  
  51  3:58  Drone, Roach Warren  
  51  3:59  Drone  
  51  4:02  Drone  
  53  4:03  Extractor  
  53  4:06  Queen  
  54  4:11  Queen  
  54  4:15  Overlord  
  54  4:16  Drone  
  57  4:17  Drone  
  57  4:20  Drone x2  
  57  4:23  Drone  
  61  4:26  Drone x2  
  61  4:29  Overlord  
  63  4:33  Drone x2, Extractor  
  63  4:36  Overlord  
  64  4:46  Glial Reconstitution  
  64  4:48  Roach x3  
  64  4:49  Roach  
  64  4:51  Roach  
  74  4:55  Roach x2  
  74  4:57  Drone  
  74  4:58  Drone  
  80  5:01  Drone, Overseer  
  80  5:02  Drone  
  80  5:06  Drone x3  
  85  5:19  Drone  
  85  5:20  Spore Crawler, Drone x2  
  86  5:23  Overlord  
  86  5:24  Spore Crawler  
  86  5:26  Drone x2  
  86  5:27  Drone x3  
  90  5:30  Overseer, Extractor x2  
  90  5:33  Spire  
  90  5:35  Drone x2  
  87  5:39  Ravager x3  
  87  5:41  Pneumatized Carapace  
  90  5:45  Overlord  
  90  5:46  Drone  
  90  5:47  Drone  
  90  5:49  Drone  
  93  5:51  Overlord  
  93  5:56  Overlord  
  93  5:57  Spore Crawler, Overlord  
  92  6:22  Drone x2  
  92  6:23  Drone x3  
  97  6:32  Overlord  
  97  6:37  Evolution Chamber, Hatchery  
  97  6:38  Evolution Chamber  
  92  6:47  Mutalisk x2  
  92  6:48  Mutalisk x9  
  92  6:53  Mutalisk  
  114  6:55  Queen  
  114  6:56  Queen  
  114  6:58  Drone  
  114  6:59  Drone x9  
  128  7:04  Overlord  
  128  7:10  Overlord  
  127  7:16  Roach x5  
  127  7:21  Overlord  
  137  7:24  Roach  
  137  7:25  Roach  
  137  7:26  Roach x2  
  137  7:28  Roach x2  
  149  7:32  Roach  
  149  7:34  Roach  
  147  7:40  Roach  
  147  7:41  Roach x6  
  161  7:49  Ravager x2  
  161  7:50  Overlord x3  
  163  7:51  Overlord  
  163  7:54  Ravager  
  163  7:58  Overlord  
  164  7:59  Zergling x2  
  164  8:01  Ravager  
  166  8:07  Zergling x4  
  166  8:09  Ravager x2  
  166  8:10  Zergling x2  
  166  8:11  Zergling x10  
  176  8:19  Roach x2  
  170  8:20  Roach  
  170  8:22  Roach x6  
  170  8:23  Roach  
Show
View Real Time Build Order
Export as new Build Order

Semper Terran 

Build Orders: Command Center First (CC), Hellion Banshee, MMM Bio 

Get SALT Encoding   

  12  0:01  SCV  
  13  0:13  SCV  
  14  0:21  Supply Depot  
  14  0:25  SCV  
  15  0:43  SCV  
  16  0:56  Command Center  
  16  0:59  SCV  
  17  1:11  SCV  
  18  1:13  Barracks  
  18  1:18  Refinery  
  18  1:23  SCV  
  19  1:35  SCV  
  20  1:49  SCV  
  21  2:01  Orbital Command  
  21  2:02  Marine  
  21  2:06  Bunker  
  21  2:07  Orbital Command  
  22  2:19  Factory  
  22  2:20  Marine  
  23  2:27  SCV  
  24  2:33  SCV  
  25  2:37  Supply Depot  
  25  2:39  SCV  
  26  2:45  Barracks Reactor, SCV  
  26  2:51  SCV  
  28  2:57  SCV  
  29  3:01  Command Center  
  29  3:03  SCV  
  30  3:09  SCV  
  31  3:15  SCV, Starport  
  31  3:18  Refinery  
  32  3:21  SCV  
  32  3:26  Supply Depot, Hellion  
  37  3:27  SCV, Hellion  
  37  3:33  SCV  
  37  3:34  Barracks Tech Lab  
  39  3:39  SCV  
  40  3:45  SCV  
  40  3:48  Supply Depot, Hellion x2  
  45  3:51  SCV  
  46  3:58  SCV  
  46  4:00  Banshee  
  50  4:03  SCV  
  50  4:09  Hellion  
  53  4:10  SCV, Hellion  
  53  4:12  Cloaking Field  
  53  4:15  Orbital Command  
  56  4:17  SCV  
  56  4:21  Barracks Tech Lab  
  56  4:22  SCV  
  58  4:26  Engineering Bay  
  58  4:27  Refinery, Engineering Bay  
  58  4:28  Refinery  
  58  4:29  SCV  
  59  4:34  SCV  
  60  4:40  Marine  
  60  4:41  SCV  
  60  4:43  Barracks  
  60  4:44  Banshee, Barracks  
  60  4:45  Factory Reactor  
  65  4:47  SCV  
  65  4:51  SCV  
  67  4:56  SCV  
  67  4:59  Stimpack  
  68  5:03  Barracks  
  68  5:08  SCV  
  68  5:09  Terran Infantry Weapons Level 1  
  68  5:10  Marine  
  68  5:11  Barracks  
  68  5:19  SCV  
  69  5:26  Terran Infantry Armor Level 1  
  69  5:27  Banshee  
  72  5:28  SCV  
  72  5:35  Marauder, Marine x2  
  77  5:41  Factory Tech Lab  
  77  5:45  Supply Depot  
  77  5:46  Supply Depot x2  
  77  5:47  Marine x2  
  77  5:48  SCV  
  77  5:49  SCV  
  81  5:52  Marine  
  81  5:53  Supply Depot x2  
  82  5:57  Barracks Reactor  
  82  5:59  Barracks Reactor  
  82  6:00  SCV, Marauder  
  85  6:06  SCV  
  85  6:07  Siege Tank  
  85  6:12  SCV  
  85  6:15  Marine  
  85  6:16  Marine  
  85  6:17  Marine  
  85  6:18  SCV, Marine  
  91  6:21  Marine  
  91  6:24  SCV  
  91  6:25  Starport Reactor  
  93  6:26  Armory  
  93  6:30  SCV  
  94  6:33  Marine x2  
  94  6:35  Marine  
  94  6:36  SCV, Marine  
  94  6:39  Siege Tank, Marine  
  103  6:42  SCV  
  103  6:45  Marine  
  105  6:48  SCV  
  105  6:49  Orbital Command  
  105  6:52  Marine x5  
  105  6:53  Marine x2  
  113  6:54  SCV  
  113  7:00  SCV  
  111  7:03  Supply Depot  
  111  7:04  Medivac x2  
  111  7:06  Supply Depot, SCV  
  111  7:07  Marine x2  
  118  7:10  Marine x2  
  118  7:12  SCV  
  118  7:14  Refinery  
  121  7:16  SCV  
  121  7:17  Refinery  
  121  7:18  SCV  
  121  7:19  Combat Shields  
  123  7:24  SCV  
  123  7:25  Siege Tank  
  123  7:27  Missile Turret  
  123  7:29  Missile Turret  
  118  7:37  SCV  
  118  7:43  Marine  
  120  7:46  SCV x2  
  120  7:51  Marine  
  121  7:52  Medivac x2  
  121  7:55  Marine  
  121  7:56  Marine x6  
  121  7:57  SCV, Siege Tank  
  121  7:58  SCV  
  137  8:01  Marine  
  135  8:07  SCV  
  135  8:09  Marine  
  137  8:13  Marine x5  
  137  8:14  Marine  
  137  8:15  Marine  
  137  8:18  Marine  
  137  8:19  SCV  
  122  8:23  SCV  

Tags
 
Add a new tag
Caveats
  • Supply blocks, unpowered buildings, or Contaminate may cause inaccurate times.
  • Supply counts are checked every 10 seconds.